Map: Ultralove

Players

Lambo - Winner!

  • Race: Zerg Zerg
  • Spawn Location: 7:00

SKillous

  • Race: Protoss Protoss
  • League: Master
  • Spawn Location: 1:00

Event: FEL Cracov 2025

VOD

Have the link to the VOD?

Description

Time

  • Played on: July 27, 2025, 2:24 p.m.
  • Length: 12:46

All games in this series

Show
View Real Time Build Order
Export as new Build Order

Lambo Zerg - Winner!

Build Orders: Hatch First 

Get SALT Encoding   

  12  0:00  Drone  
  13  0:08  Drone  
  13  0:14  Extractor, Drone  
  15  0:34  Hatchery  
  14  0:39  Extractor, Drone  
  15  0:46  Overlord  
  15  1:04  Drone x3  
  15  1:10  Spawning Pool  
  17  1:16  Drone  
  18  1:19  Extractor  
  17  1:26  Drone  
  18  1:37  Drone  
  19  1:46  Drone  
  20  1:48  Drone  
  21  1:57  Drone  
  21  1:58  Queen x2  
  26  2:03  Overlord  
  26  2:08  Zergling x2  
  27  2:10  Drone  
  28  2:22  Metabolic Boost, Drone x2  
  30  2:30  Drone x2  
  30  2:36  Queen  
  34  2:40  Drone  
  35  2:49  Hatchery  
  34  2:53  Overlord  
  34  2:55  Drone  
  35  2:58  Drone  
  36  3:09  Overlord  
  36  3:11  Queen  
  37  3:15  Spore Crawler  
  37  3:16  Drone x2  
  37  3:19  Zergling x6  
  41  3:21  Drone  
  41  3:23  Drone  
  43  3:28  Zergling x2  
  43  3:32  Zergling x2, Spore Crawler  
  44  3:39  Drone x4  
  47  3:45  Drone x2  
  48  3:49  Spore Crawler  
  48  3:51  Extractor  
  48  3:53  Drone  
  48  3:55  Drone  
  45  4:01  Drone  
  45  4:02  Drone x3  
  51  4:09  Drone x3, Evolution Chamber  
  53  4:11  Drone  
  53  4:13  Drone  
  56  4:17  Drone x2  
  56  4:21  Spore Crawler  
  55  4:27  Drone x3  
  58  4:34  Overlord  
  58  4:36  Overlord  
  57  4:40  Zergling x2  
  57  4:41  Overlord  
  57  4:43  Zerg Melee Weapons Level 1  
  57  4:46  Overlord  
  57  4:53  Drone x4  
  57  4:58  Baneling Nest  
  57  4:59  Hatchery  
  59  5:01  Drone x4  
  59  5:06  Queen  
  65  5:08  Zergling x2  
  65  5:09  Zergling x2  
  65  5:11  Zergling x2  
  65  5:12  Drone  
  69  5:17  Queen  
  69  5:18  Overlord  
  71  5:22  Overlord  
  71  5:25  Overlord  
  71  5:26  Zergling x6  
  74  5:31  Zergling x8  
  77  5:38  Zergling x2  
  77  5:39  Zergling x6  
  77  5:42  Zergling x4  
  79  5:46  Drone  
  79  5:51  Lair  
  79  5:53  Extractor  
  79  5:54  Drone x2  
  80  5:58  Drone  
  80  6:00  Hatchery, Extractor  
  79  6:06  Zergling x6  
  80  6:15  Zergling x12  
  84  6:20  Drone  
  84  6:22  Drone x4  
  84  6:23  Spore Crawler  
  88  6:28  Zergling x8  
  88  6:31  Drone  
  93  6:36  Drone x2  
  95  6:40  Spore Crawler  
  95  6:43  Zergling x4  
  96  6:47  Queen x3  
  96  6:48  Overlord x2  
  96  6:50  Zergling x8  
  96  6:53  Zergling x8  
  104  7:02  Zergling x16  
  104  7:05  Zergling x2  
  100  7:08  Zergling x2  
  100  7:10  Drone  
  100  7:13  Hydralisk Den  
  100  7:14  Zergling x2  
  100  7:15  Zergling x4  
  94  7:22  Drone x6  
  93  7:25  Drone x3  
  93  7:26  Drone  
  100  7:30  Drone x4  
  100  7:32  Drone x3  
  100  7:35  Overlord  
  100  7:36  Drone x3  
  101  7:41  Zerg Missile Weapons Level 1, Drone, Extractor  
  101  7:42  Extractor  
  101  7:43  Drone  
  101  7:44  Spore Crawler  
  101  7:45  Drone x2  
  101  7:49  Drone  
  102  7:52  Extractor  
  102  7:53  Zergling x8  
  102  7:54  Queen  
  102  7:55  Hydralisk, Muscular Augments, Overlord  
  109  7:59  Zergling x6  
  109  8:02  Zergling x10  
  109  8:03  Queen  
  109  8:05  Zergling x2  
  110  8:13  Zergling x8  
  110  8:16  Zergling x2  
  105  8:20  Zergling x12  
  105  8:26  Zergling x8  
  110  8:28  Zergling x6, Pneumatized Carapace  
  110  8:33  Hydralisk  
  110  8:36  Hydralisk  
  110  8:40  Hydralisk x3  
  116  8:42  Spore Crawler  
  116  8:45  Hydralisk x2  
  118  8:55  Drone x7  
  126  8:59  Grooved Spines  
  126  9:00  Zergling x2  
  126  9:01  Zergling x4  
  126  9:02  Hydralisk x3  
  129  9:03  Hydralisk  
  129  9:07  Hydralisk x3  
  143  9:13  Zergling x6  
  143  9:15  Centrifugal Hooks  
  143  9:16  Zergling x6  
  148  9:18  Zergling x6  
  148  9:23  Zergling x2  
  152  9:27  Zergling x12  
  152  9:30  Zergling x8  
  149  9:33  Baneling x6  
  149  9:34  Zergling x2, Zerg Melee Weapons Level 2  
  149  9:35  Baneling x6  
  146  9:39  Zergling x8  
  146  9:41  Baneling x4  
  154  9:45  Zergling x8  
  154  9:48  Spine Crawler, Zergling x2  
  154  9:49  Zergling x6  
  157  9:55  Spine Crawler, Zergling x2, Overlord x2  
  157  9:59  Baneling x12, Overlord  
  157  10:04  Overlord  
  157  10:11  Baneling x8  
  157  10:14  Zergling x18  
  157  10:15  Baneling  
  157  10:16  Baneling x2  
  157  10:20  Overlord  
  166  10:26  Zergling x22  
  169  10:28  Zergling x6  
  169  10:33  Zergling x6  
  165  10:37  Zergling x2  
  165  10:38  Zergling x2  
  165  10:41  Hydralisk x4  
  165  10:48  Baneling x3  
  159  10:50  Zergling x12  
  159  10:52  Baneling x5  
  159  10:54  Zergling x2  
  158  10:59  Zergling x12  
  158  11:04  Zergling x4  
  166  11:09  Zergling x12  
  172  11:12  Zergling x2  
  173  11:25  Overlord  
  173  11:26  Zergling x2  
  173  11:27  Overlord x3  
  173  11:32  Infestation Pit  
  172  11:40  Zergling x4  
  172  11:44  Spine Crawler  
  172  11:45  Zergling x36  
  190  11:47  Baneling x30  
  190  11:48  Baneling x3  
  190  11:50  Zergling x4  
  190  11:52  Zergling x2  
  190  11:53  Baneling  
  191  11:57  Zergling x4  
  194  12:01  Zergling x4  
  192  12:08  Zergling x6  
  192  12:09  Zergling x6  
  192  12:13  Zergling x8  
  192  12:15  Baneling x12  
  200  12:24  Baneling x10  
Show
View Real Time Build Order
Export as new Build Order

SKillous Protoss 

Build Orders: 1 Gate Expand, Oracle Opening 

Get SALT Encoding   

  12  0:00  Probe  
  13  0:12  Probe  
  14  0:20  Pylon  
  14  0:24  Probe  
  15  0:34  Probe  
  15  0:41  Gateway  
  15  0:42  Probe  
  16  0:49  Assimilator  
  17  0:52  Probe  
  18  1:04  Probe  
  19  1:16  Probe  
  20  1:27  Nexus  
  20  1:37  Cybernetics Core  
  20  1:41  Probe  
  20  1:45  Assimilator  
  21  1:53  Probe  
  22  1:55  Pylon  
  22  2:03  Adept  
  22  2:05  Probe  
  23  2:14  Probe  
  25  2:18  Stargate  
  25  2:22  Probe  
  26  2:27  Warp Gate  
  27  2:31  Probe  
  27  2:33  Adept  
  27  2:35  Probe  
  30  2:44  Probe x2  
  33  2:54  Probe, Oracle  
  33  2:56  Probe  
  35  3:03  Adept  
  40  3:07  Probe  
  40  3:10  Probe, Pylon  
  42  3:19  Probe  
  43  3:22  Probe  
  44  3:31  Probe  
  44  3:32  Oracle  
  48  3:44  Probe  
  48  3:46  Probe  
  46  3:56  Probe  
  46  3:57  Nexus  
  46  3:59  Probe, Pylon  
  48  4:03  Twilight Council  
  48  4:04  Gateway  
  48  4:07  Gateway  
  48  4:09  Probe  
  49  4:13  Probe  
  50  4:18  Adept  
  50  4:20  Blink  
  50  4:21  Probe  
  50  4:22  Assimilator  
  50  4:23  Assimilator  
  53  4:26  Probe  
  54  4:33  Probe  
  54  4:35  Gateway  
  54  4:37  Gateway  
  55  4:38  Adept  
  55  4:39  Probe  
  55  4:49  Probe  
  55  4:51  Gateway  
  56  4:53  Probe  
  56  4:57  Pylon  
  56  4:59  Adept  
  59  5:01  Adept  
  59  5:06  Probe  
  61  5:09  Probe, Adept  
  61  5:10  Probe  
  66  5:14  Probe  
  66  5:21  Probe  
  68  5:22  Probe  
  69  5:34  Probe  
  70  5:39  Probe x2  
  70  5:40  Stalker x5  
  78  5:46  Probe  
  78  5:49  Forge, Pylon  
  77  5:51  Probe  
  77  5:54  Stalker  
  77  5:55  Probe  
  81  5:58  Probe  
  81  6:02  Pylon  
  81  6:03  Stalker  
  84  6:07  Stalker x2  
  84  6:08  Stalker  
  88  6:16  Stalker  
  90  6:19  Shield Battery  
  90  6:20  Shield Battery  
  90  6:21  Pylon  
  90  6:24  Stalker  
  92  6:26  Probe x2  
  92  6:28  Pylon  
  92  6:31  Probe, Stalker  
  92  6:32  Stalker  
  99  6:36  Stalker  
  99  6:39  Probe  
  102  6:41  Probe  
  102  6:42  Stalker x2  
  102  6:44  Pylon  
  107  6:48  Assimilator  
  107  6:49  Stalker  
  107  6:52  Assimilator  
  99  7:08  Stalker  
  99  7:09  Stalker x4, Protoss Ground Weapons Level 1  
  99  7:10  Probe  
  99  7:14  Probe  
  99  7:15  Probe  
  106  7:22  Probe  
  101  7:23  Stalker  
  101  7:27  Probe x2  
  96  7:31  Charge  
  96  7:34  Gateway  
  96  7:35  Templar Archives  
  96  7:37  Gateway, Stalker  
  96  7:38  Stalker x3  
  96  7:40  Stalker  
  104  7:56  Stalker  
  106  7:59  Pylon  
  106  8:00  Pylon  
  106  8:02  Gateway  
  106  8:03  Gateway  
  106  8:06  Robotics Facility, Psionic Storm  
  100  8:26  Stalker x6  
  96  8:36  Gateway  
  96  8:38  Gateway  
  92  8:49  High Templar x3  
  92  8:50  Zealot x5  
  108  8:58  Warp Prism  
  108  9:03  Photon Cannon  
  108  9:04  Pylon, High Templar x2  
  108  9:06  Nexus, Pylon  
  114  9:12  Archon  
  114  9:15  Zealot x5  
  124  9:22  Zealot x3  
  124  9:32  Protoss Ground Armor Level 1  
  124  9:35  High Templar x3, Observer  
  131  9:46  Zealot x7  
  145  9:58  Shield Battery  
  145  10:00  Photon Cannon  
  145  10:01  Pylon  
  145  10:03  High Templar x2  
  145  10:06  Pylon  
  147  10:11  Zealot  
  147  10:12  Zealot x4  
  157  10:20  Pylon  
  157  10:21  High Templar x2  
  159  10:24  Zealot x3  
  159  10:27  Archon  
  149  10:40  Zealot x7  
  119  10:57  High Templar x4  
  112  11:00  Zealot x6  
  112  11:01  Zealot x2, Archon  
  112  11:02  Archon  
  134  11:19  Probe  
  134  11:21  Zealot x4  
  137  11:27  Nexus  
  137  11:31  Fleet Beacon  
  137  11:38  High Templar x3  
  143  11:49  Pylon  
  143  11:54  Zealot x5  
  150  12:15  High Templar x3  
  156  12:20  Archon, Pylon  
  156  12:25  Pylon  
Tags
 
Add a new tag
Caveats
  • Supply blocks, unpowered buildings, or Contaminate may cause inaccurate times.
  • Supply counts are checked every 10 seconds.